Map: World of Sleepers LE

Players

MAXSIMUS - Winner!

  • Race: Protoss Protoss
  • League: Master
  • Spawn Location: 7:00

Mez

  • Race: Terran Terran
  • League: Master
  • Spawn Location: 1:00

VOD

Have the link to the VOD?

Description

Time

  • Played on: Aug. 23, 2019, 4:56 p.m.
  • Length: 12:22
Show
View Real Time Build Order
Export as new Build Order

MAXSIMUS Protoss - Winner!

Build Orders:  

Get SALT Encoding   

  1  0:00  Probe  
  12  0:05  Probe  
  14  0:17  Pylon  
  14  0:21  Probe  
  15  0:35  Probe  
  15  0:37  Gateway  
  16  0:43  Assimilator  
  16  0:48  Probe  
  17  0:54  Pylon  
  17  1:00  Probe  
  18  1:12  Gateway, Probe  
  19  1:24  Probe  
  19  1:25  Cybernetics Core  
  20  1:31  Assimilator  
  20  1:36  Probe  
  21  1:50  Probe  
  21  1:52  Pylon  
  21  1:53  Stalker x2  
  26  2:13  Probe  
  27  2:21  Stalker  
  27  2:22  Stalker  
  27  2:25  Probe  
  32  2:46  Pylon  
  32  2:51  Stalker  
  34  2:52  Stalker  
  34  2:54  Probe  
  37  3:06  Probe  
  38  3:18  Probe  
  39  3:21  Stalker  
  39  3:33  Stalker  
  41  3:47  Probe  
  40  3:51  Stalker  
  40  3:59  Probe  
  41  4:06  Stalker  
  41  4:11  Probe  
  41  4:15  Nexus  
  42  4:21  Stalker  
  42  4:23  Probe  
  43  4:35  Probe  
  44  4:47  Probe  
  44  4:51  Warp Gate  
  43  4:59  Probe  
  40  5:00  Stalker  
  40  5:01  Stalker  
  44  5:12  Probe  
  45  5:24  Probe  
  44  5:30  Stalker  
  44  5:31  Stalker  
  48  5:36  Probe  
  49  5:48  Probe  
  44  5:59  Assimilator  
  44  6:00  Probe, Stalker  
  44  6:01  Assimilator  
  47  6:07  Robotics Facility  
  47  6:10  Pylon  
  47  6:12  Probe  
  47  6:13  Gateway  
  47  6:15  Probe  
  47  6:16  Gateway  
  49  6:20  Twilight Council  
  49  6:23  Pylon  
  49  6:24  Probe  
  50  6:27  Probe  
  50  6:28  Gateway  
  51  6:36  Probe  
  51  6:37  Gateway  
  51  6:39  Forge, Probe  
  53  6:41  Forge  
  53  6:47  Charge  
  53  6:49  Observer  
  53  6:50  Stalker  
  53  6:51  Stalker  
  57  6:55  Nexus  
  57  6:56  Pylon  
  58  7:03  Protoss Ground Weapons Level 1  
  58  7:04  Protoss Ground Armor Level 1  
  58  7:07  Observer  
  58  7:10  Probe x2  
  61  7:19  Zealot x2  
  61  7:20  Zealot x2  
  69  7:32  Robotics Bay  
  69  7:35  Pylon, Probe x2  
  71  7:43  Immortal  
  75  7:47  Probe x2  
  77  7:53  Adept x2  
  81  7:59  Probe  
  80  8:16  Colossus, Probe x3  
  80  8:18  Adept x2  
  80  8:19  Adept  
  87  8:22  Zealot x3  
  93  8:28  Probe x2  
  93  8:32  Probe  
  102  8:40  Probe x2  
  104  8:44  Probe  
  103  8:55  Protoss Ground Armor Level 2  
  103  8:57  Probe  
  103  8:58  Probe x2  
  103  8:59  Zealot x3  
  103  9:02  Protoss Ground Weapons Level 2  
  108  9:07  Extended Thermal Lance  
  108  9:09  Probe  
  109  9:11  Templar Archives  
  109  9:12  Gateway  
  109  9:15  Pylon  
  109  9:22  Stalker  
  108  9:33  Probe x3  
  108  9:36  Assimilator  
  111  9:40  Assimilator  
  111  9:46  Photon Cannon  
  111  9:49  Photon Cannon  
  111  9:50  Pylon  
  111  9:52  Pylon, Zealot  
  111  9:53  Zealot x2  
  117  10:02  Colossus  
  117  10:07  Observer  
  117  10:10  Pylon  
  117  10:13  Zealot x3  
  117  10:14  Photon Cannon, Zealot x2  
  133  10:19  Photon Cannon  
  133  10:26  Pylon  
  133  10:34  Adept  
  133  10:35  Photon Cannon, Adept x2  
  139  10:38  High Templar  
  141  10:51  Pylon  
  141  10:57  Photon Cannon  
  141  10:58  Colossus  
  141  11:01  Pylon  
  141  11:18  Nexus  
  141  11:21  Pylon, High Templar x3  
  141  11:22  High Templar x3  
  141  11:23  Pylon  
  153  11:25  Archon  
  153  11:26  Archon x2  
  153  11:34  Stargate  
  153  11:37  Pylon  
  139  12:00  Zealot x6  
  139  12:22  Zealot  
Show
View Real Time Build Order
Export as new Build Order

Mez Terran 

Build Orders: Reaper Expand 

Get SALT Encoding   

  12  0:01  SCV  
  13  0:13  SCV  
  14  0:17  Supply Depot  
  14  0:25  SCV  
  15  0:38  SCV  
  15  0:40  Barracks  
  16  0:45  Refinery  
  16  0:50  SCV  
  17  1:03  SCV  
  18  1:15  SCV  
  19  1:29  Orbital Command, Reaper  
  20  1:40  Command Center  
  20  1:51  Supply Depot  
  20  1:59  SCV  
  21  2:03  Bunker  
  21  2:04  Barracks Reactor  
  21  2:12  SCV  
  21  2:38  Command Center  
  21  2:40  Marine x2  
  21  2:41  SCV  
  24  2:49  Refinery  
  24  2:51  Factory  
  24  2:55  SCV  
  24  2:58  Marine x2  
  24  3:40  Marine  
  23  3:42  Marine  
  22  3:49  SCV  
  22  3:50  Widow Mine  
  24  4:02  SCV  
  22  4:07  Orbital Command  
  20  4:10  Marine x2  
  20  4:14  SCV  
  23  4:27  Marine  
  22  4:32  Marine  
  22  4:37  SCV  
  22  4:45  Marine  
  22  4:49  SCV  
  21  4:59  Marine  
  19  5:00  SCV  
  19  5:01  SCV  
  19  5:03  Widow Mine, Marine  
  19  5:12  SCV  
  19  5:13  SCV  
  21  5:22  Marine x2  
  21  5:24  SCV  
  22  5:33  Widow Mine  
  23  5:40  Marine x2  
  24  5:49  SCV x2  
  20  5:50  SCV  
  20  5:58  Marine x2  
  20  6:01  SCV  
  23  6:08  SCV  
  23  6:10  Orbital Command  
  24  6:15  Marine x2  
  26  6:23  SCV x2  
  26  6:25  Factory Tech Lab  
  28  6:35  SCV x2  
  28  6:39  SCV  
  31  6:42  Starport  
  31  6:47  SCV x2  
  31  6:51  SCV  
  34  6:57  Siege Tank, Marine  
  34  6:58  Marine  
  34  6:59  SCV  
  34  7:00  SCV  
  41  7:03  SCV  
  42  7:11  SCV  
  42  7:14  SCV  
  42  7:15  SCV  
  45  7:26  Supply Depot  
  45  7:33  Supply Depot  
  45  7:43  Factory Tech Lab  
  45  7:46  Supply Depot  
  45  7:47  Medivac, Marine x2  
  45  7:48  SCV x2  
  51  7:51  Barracks  
  51  7:54  Refinery, Barracks, SCV  
  52  8:00  SCV x2  
  52  8:02  Supply Depot  
  52  8:03  Siege Tank  
  57  8:06  SCV  
  57  8:12  SCV x2  
  60  8:18  SCV  
  61  8:24  SCV x2  
  63  8:27  Marine x2  
  63  8:30  SCV, Starport Reactor  
  66  8:36  SCV  
  66  8:47  SCV x2  
  64  8:55  SCV  
  64  8:56  Marine x2  
  64  8:58  Stimpack  
  64  8:59  SCV  
  67  9:04  Engineering Bay  
  67  9:06  Engineering Bay  
  67  9:09  Barracks x2  
  67  9:10  Marauder x2  
  67  9:11  Combat Shield  
  71  9:25  Marine x2  
  71  9:26  Medivac  
  71  9:28  Medivac  
  77  9:31  Marauder  
  77  9:32  SCV x2  
  81  9:44  Factory Reactor  
  81  9:45  Refinery  
  81  9:46  Terran Infantry Weapons Level 1  
  81  9:47  Terran Infantry Armor Level 1, Orbital Command  
  81  9:51  SCV  
  81  9:52  SCV  
  83  9:55  Marauder  
  83  9:58  Barracks Reactor  
  85  10:18  Supply Depot  
  85  10:19  Supply Depot  
  85  10:20  Supply Depot  
  85  10:24  Missile Turret  
  85  10:40  Widow Mine, Marauder, SCV x2, Marine x3  
  85  10:41  Widow Mine, Marauder, SCV  
  99  10:52  SCV x2  
  99  10:53  SCV  
  102  10:58  Marine x2  
  102  10:59  Marine x3  
  102  11:02  Marauder x2  
  110  11:04  SCV x2  
  110  11:05  SCV  
  113  11:16  Ghost Academy, SCV x2  
  113  11:17  SCV  
  110  11:19  Refinery  
  110  11:20  Refinery, Barracks x2  
  110  11:21  Barracks  
  110  11:27  Marauder x2  
  110  11:28  Barracks Tech Lab, Marine, SCV x2  
  117  11:40  SCV, Marine  
  117  11:41  SCV, Marine  
  117  11:43  SCV  
  117  11:48  Marine x2  
  117  11:49  Marauder  
Tags
 
Add a new tag
Caveats
  • Supply blocks, unpowered buildings, or Contaminate may cause inaccurate times.
  • Supply counts are checked every 10 seconds.